 Dungeon Crawl Stone Soup version 0.29-a0-270-g1586fc07ea (webtiles) character file.

Game seed: 5810347450127582276

14 bearlyready the Bolt Thrower (level 2, 0/16 HPs)
             Began as a Kobold Arcane Marksman on Mar 7, 2022.
             Slain by a goblin
             ... wielding a +0 dagger of venom
              (1 damage)
             ... on level 2 of the Dungeon.
             The game lasted 00:01:09 (708 turns).

bearlyready the Bolt Thrower (KoAM)                  Turns: 708, Time: 00:01:10

Health: 0/16       AC:  2    Str:  7    XL:     2   Next: 55%
Magic:  3/3        EV: 15    Int: 14    God:
Gold:   16         SH:  0    Dex: 15    Spells: 2/3 levels left

rFire   + . .      SeeInvis .   a - +0 hand crossbow
rCold   + . .      Faith    .   (no shield)
rNeg    . . .      Spirit   .   b - +0 robe
rPois   +          Reflect  .   (no helmet)
rElec   +          Harm     .   (no cloak)
rCorr   +          Rampage  .   (no gloves)
Will    .....                   (no boots)
Stlth   ++........              (no amulet)
HPRegen 0.05/turn               (no ring)
MPRegen 0.08/turn               (no ring)

@: lethally poisoned (0 -> -12), resistant
A: small, no large weapons, nightstalker 3
a: no special abilities


You were on level 2 of the Dungeon.
You visited 1 branch of the dungeon, and saw 2 of its levels.

You collected 16 gold pieces.

Inventory:

Hand Weapons
 a - a +0 hand crossbow (weapon)
Missiles
 e - 29 stones
Armour
 b - a +0 robe (worn)
Scrolls
 c - a scroll of vulnerability
 h - a scroll of identify {unknown}
Potions
 f - a potion of heal wounds {unknown}


   Skills:
 - Level 1.1 Fighting
 + Level 4.0 Crossbows
 - Level 2.4 Dodging
 - Level 1.1 Spellcasting
 - Level 3.0 Hexes


You had 2 spell levels left.
You knew the following spells:

 Your Spells              Type           Power      Damage    Failure   Level
a - Slow                  Hex            36%        N/A       8%          1

Your spell library contained the following spells:

 Spells                   Type           Power      Damage    Failure   Level
 Inner Flame              Hex/Fire       4%         N/A       38%         3
 Portal Projectile        Hex/Tloc       8%         N/A       38%         3
 Cause Fear               Hex            4%         N/A       58%         4


Dungeon Overview and Level Annotations

Branches:
Dungeon (2/15)

Altars:


Innate Abilities, Weirdness & Mutations

You are small and have problems with some larger weapons.
You are completely attuned to the shadows.


Message History

Found a stone staircase leading down.
You shoot a bolt. The bolt hits the goblin.
The goblin is moderately wounded.
A jackal comes into view.
The goblin unwields a +0 club.
The goblin wields a +0 hunting sling.
The goblin shoots a sling bullet.
The sling bullet barely misses you.
You shoot a bolt. The bolt hits the goblin!
You kill the goblin!
A jackal comes into view.
You shoot a bolt. The bolt hits the jackal.
The jackal is severely wounded.
The jackal bites you. The goblin closely misses you.
The jackal barely misses you.
The jackal bites you but does no damage.
A giant cockroach comes into view.
You shoot a bolt. The bolt closely misses the jackal.
The jackal closely misses you.
The goblin hits you with a +0 dagger of venom.
You are poisoned.
The jackal completely misses you. The jackal bites you.
The goblin hits you with a +0 dagger of venom.
You are more poisoned.
The jackal misses you.
Aiming: Slow (safe; 8% risk of failure)
Press: ? - help, Q - select action, (/) - cycle Shift-Dir - straight line, f - goblin, p - jackal
Aim: a goblin, wielding a +0 dagger of venom (chance to affect: 64%)
Okay, then.
As you read the scroll labelled NIEDYOH OZO, it crumbles to dust.
Wisps of shadow whirl around you...
It was a scroll of summoning.
You feel very sick. The jackal bites you.
* * * LOW HITPOINT WARNING * * *
The jackal completely misses you. The goblin misses you.
It was a potion of resistance.
You feel protected.
* * * LOW HITPOINT WARNING * * *
You feel very sick. The jackal misses you. The jackal barely misses you.
The goblin hits you with a +0 dagger of venom.
You die...

##.....#..
##.........
#...$.)....
#.gK.h.....
#...@g.....
#.>S.hB....
#..:.).....
#..........
##.........


You could see 2 jackals, a giant cockroach, a goblin, a friendly adder
(summoned), a friendly goblin (summoned) and a friendly kobold (summoned).

Vanquished Creatures
  A dart slug (D:1)
  2 endoplasms (D:1)
  2 giant cockroaches (D:1)
  2 kobolds (D:1)
  A ball python (D:1)
  A bat (D:1)
  2 goblins
11 creatures vanquished.

Notes
Turn   | Place    | Note
-------+----------+-------------------------------------------
     0 | D:1      | bearlyready the Kobold Arcane Marksman began the quest for
                  | the Orb.
     0 | D:1      | Reached XP level 1. HP: 12/12 MP: 2/2
    59 | D:1      | Reached skill level 3 in Crossbows
   108 | D:1      | Reached XP level 2. HP: 15/16 MP: 3/3
   687 | D:1      | Reached skill level 4 in Crossbows
   708 | D:2      | Slain by a goblin

Illustrated notes

Levels and vault maps discovered:
D:1:      dpeg_arrival_pits, layout_basic, nrook_campfire, wad_floor_pattern_1
D:2:      layout_rooms, hellmonk_ecumenical_altar_heavens_door

Skill      XL: |  1  2 |
---------------+-------+-----
Crossbows      | 3 4 |  4.0
Fighting       | |  1.1
Dodging        | |  2.4
Spellcasting   | |  1.1
Hexes          | |  3.0

Action                   || total
-------------------------++-------
 Fire: Hand crossbow     ||    25
  Use: Scroll            ||     1
       Potion            ||     1
Armor: Robe              ||     2
Dodge: Dodged            ||    15

Table legend: (Time is in decaauts)
 A = Elapsed time spent in this place.
 B = Non-inter-level travel time spent in this place.
 C = Inter-level travel time spent in this place.
 D = Time resting spent in this place.
 E = Time spent auto-exploring this place.
 F = Levels seen in this place.
 G = Mean time per level.
                   A        B        C        D        E       F      G
               +--------+--------+--------+--------+--------+-----+--------+
         Total |    715 |    705 |     10 |      0 |    644 |   2 |  357.5 |
       Dungeon |    715 |    705 |     10 |      0 |    644 |   2 |  357.5 |
               +--------+--------+--------+--------+--------+-----+--------+

Top non-repeatable levels by time:
     D:1: 706 daAuts
     D:2: 9 daAuts
